[Event "Titled Tuesday Blitz May 4 2021"]
[White "Trent, Lawrence"]
[Black "Shvedova, Alexandra"]
[WhiteFideId "408638"]
[BlackFideId "54154782"]
[WhiteElo "2474"]
[BlackElo "1887"]
[Result "1-0"]
[Round "01"]
[TimeControl "180+1"]
[Date "2021.05.04"]
[WhiteClock "0:00:32"]
[BlackClock "0:00:08"]

1. e4 e5 2. Nf3 Nc6 3. Bc4 Bc5 4. O-O Nf6 5. d4 Bxd4 6. Nxd4 Nxd4 7. f4 d6 8. fxe5 dxe5 9. Bg5 Be6 10. Bxe6 Nxe6 11. Bxf6 Qxd1 12. Rxd1 gxf6 13. Nc3 c6 14. Rf1 Ke7 15. Rf2 Rad8 16. Raf1 Nf4 17. Kh1 Rd6 18. g3 Nh3 19. Rf5 Ng5 20. h4 Ne6 21. Rxf6 Nd8 22. R6f5 f6 23. R1f2 Rg8 24. Kh2 b5 25. Rh5 Rg7 26. Ne2 Rd2 27. Rhf5 Rxc2 28. Ng1 Rxf2+ 29. Rxf2 Ne6 30. Nf3 Rg8 31. Rc2 c5 32. a4 a6 33. b3 Rd8 34. axb5 axb5 35. Ra2 Nd4 36. Nd2 Nc6 37. Kg2 Rd3 38. Kf2 Nd4 39. Ra7+ Ke6 40. Nf1 Rxb3 41. Ne3 c4 42. Rxh7 c3 43. Rc7 Rb2+ 44. Kf1 c2 45. Ke1 Rb1+ 46. Kd2 Nb3+ 47. Kxc2 Rc1+ 48. Kxb3 Rxc7 49. Kb4 Rb7 50. h5 Kf7 51. Nf5 Kg8 52. g4 Kh7 53. Nd6 Rd7 54. Kc5 b4 55. Ne8 b3 56. Nxf6+ Kh6 57. Nxd7 b2 58. Nxe5 b1=Q 59. Kd5 Qb3+ 60. Kd6 Qb4+ 61. Kd5 Qb5+ 62. Ke6 Qe8+ 63. Kf6 Qf8+ 64. Nf7+ Kh7 65. g5 Qg7+ 66. Ke6 Kg8 67. g6 Kf8 68. e5 Kg8 69. Kf5 Qf8 70. h6 Qc8+ 71. Kg5 Kf8 72. h7 Qc3 73. h8=Q+ Ke7 74. Qd8+ Ke6 75. Qd6# 1-0


[Site "https://www.chess.com"]

[Event "Titled Tuesday Blitz May 4 2021"]
[White "Triapishko, Alexandr"]
[Black "Pajeken, Jakob Leon"]
[WhiteFideId "14122286"]
[BlackFideId "12942839"]
[WhiteElo "2490"]
[BlackElo "2024"]
[Result "1-0"]
[Round "01"]
[TimeControl "180+1"]
[Date "2021.05.04"]
[WhiteClock "0:00:40"]
[BlackClock "0:01:21"]

1. d4 d5 2. c4 dxc4 3. Nf3 Nf6 4. Nc3 a6 5. a4 c5 6. d5 e6 7. e4 exd5 8. e5 Ne4 9. Nxe4 dxe4 10. Qxd8+ Kxd8 11. Ng5 Be6 12. Nxe6+ fxe6 13. Bxc4 Nc6 14. Bxe6 Nxe5 15. O-O Kc7 16. Bd5 Bd6 17. Bxe4 h6 18. b3 Rae8 19. f3 Rhf8 20. Bb2 Re7 21. Rac1 Nc6 22. Rfd1 Nb4 23. a5 Nc6 24. Ba3 Nxa5 25. Rxd6 Kxd6 26. Rxc5 1-0


[Site "https://www.chess.com"]

[Event "Titled Tuesday Blitz May 4 2021"]
[White "Tristan, Leonardo"]
[Black "Alexeev, Alexey"]
[WhiteFideId "113816"]
[BlackFideId "14106663"]
[WhiteElo "2404"]
[BlackElo "2185"]
[Result "1-0"]
[Round "01"]
[TimeControl "180+1"]
[Date "2021.05.04"]
[WhiteClock "0:02:32"]
[BlackClock "0:02:37"]

1. d4 d5 2. Bf4 Nf6 3. e3 c5 4. Nf3 cxd4 5. exd4 a6 6. Bd3 Nc6 7. c3 Bg4 8. Nbd2 e6 9. Qb3 Qc8 10. a4 Be7 11. O-O O-O 12. Rfe1 Bxf3 13. Nxf3 Rd8 14. Qc2 Qd7 15. Ne5 Qe8 16. Qe2 1-0


[Site "https://www.chess.com"]

[Event "Titled Tuesday Blitz May 4 2021"]
[White "Tuleyeva-Aketayeva, Dana"]
[Black "Kovacsy, Barnabas"]
[WhiteFideId "13701932"]
[BlackFideId "769290"]
[WhiteElo "1944"]
[BlackElo "1938"]
[Result "0-1"]
[Round "01"]
[TimeControl "180+1"]
[Date "2021.05.04"]
[WhiteClock "0:01:10"]
[BlackClock "0:01:15"]

1. d4 Nf6 2. c4 g6 3. Nf3 Bg7 4. g3 d5 5. Bg2 O-O 6. Nbd2 dxc4 7. Nxc4 c6 8. O-O Nbd7 9. Nce5 Nxe5 10. Nxe5 Ng4 11. Nxg4 Bxg4 12. Be3 Qa5 13. h3 Bf5 14. Qb3 Qb6 15. Qxb6 axb6 16. g4 Be6 17. a3 b5 18. Rad1 Rfd8 19. Rd2 Bd5 20. Rfd1 Bxg2 21. Kxg2 Rd5 22. Bf4 Rad8 23. Be3 Kf8 24. Kf3 e6 25. Bg5 Rxg5 26. e4 h5 27. Kg3 hxg4 28. hxg4 f5 29. exf5 gxf5 30. f3 fxg4 31. fxg4 Rgd5 32. Rf1+ Kg8 33. Re1 Rxd4 34. Rxd4 Rxd4 35. Rxe6 Rd3+ 36. Kf4 Bxb2 37. Re7 Bxa3 38. Rxb7 Rd5 39. g5 Bf8 40. Kg4 b4 41. Kh5 c5 42. Kg6 c4 43. Kf6 Rd6+ 44. Kf5 Rc6 45. g6 c3 46. g7 Bxg7 47. Rxb4 c2 0-1


[Site "https://www.chess.com"]

[Event "Titled Tuesday Blitz May 4 2021"]
[White "Tutisani, Noe"]
[Black "katchesskat"]
[WhiteFideId "13602853"]
[WhiteElo "2227"]
[BlackElo "2260"]
[Result "1-0"]
[Round "01"]
[TimeControl "180+1"]
[Date "2021.05.04"]
[WhiteClock "0:01:48"]
[BlackClock "0:00:16"]

1. e4 c5 2. Nf3 e6 3. d4 cxd4 4. Nxd4 a6 5. Nc3 Qc7 6. Bd3 Nf6 7. O-O b5 8. Kh1 Bb7 9. f4 b4 10. e5 bxc3 11. exf6 gxf6 12. bxc3 Rg8 13. Rf2 Qxc3 14. Be3 Bc5 15. Ne2 Qxa1 16. Qxa1 Bxe3 17. Qb2 Ra7 18. Be4 Bxe4 19. Qxb8+ Ke7 20. Qb4+ d6 21. Qxe4 Bxf2 22. Qxh7 Rb8 23. h4 Raa8 24. g3 f5 25. Qg7 Rg8 26. Qc3 Rac8 27. Qd3 Rc6 28. Kg2 Bb6 29. c3 Rgc8 30. a4 Rc4 31. h5 Rxa4 32. Qb1 Bc5 33. Qb7+ Kd8 34. h6 Rc7 35. Qb8+ Rc8 36. Qxc8+ Kxc8 37. h7 Ra2 38. h8=Q+ Kc7 39. Kf3 Rc2 40. Qf8 Kb6 41. Qxf7 e5 42. Qxf5 exf4 43. Qxc2 a5 44. gxf4 Kb5 45. f5 a4 46. f6 a3 47. Qb3+ Kc6 48. Nd4+ Bxd4 49. cxd4 d5 50. Qxa3 Kd7 51. f7 Ke6 52. f8=Q Kd7 53. Qad6# 1-0


[Site "https://www.chess.com"]

[Event "Titled Tuesday Blitz May 4 2021"]
[White "Tymrakiewicz, Rafal"]
[Black "Samadov, Read"]
[WhiteFideId "1108832"]
[BlackFideId "13417444"]
[WhiteElo "2172"]
[BlackElo "2084"]
[Result "0-1"]
[Round "01"]
[TimeControl "180+1"]
[Date "2021.05.04"]
[WhiteClock "0:00:08"]
[BlackClock "0:00:36"]

1. d4 Nf6 2. Bg5 d5 3. e3 e6 4. Nd2 Be7 5. Bd3 O-O 6. Bxf6 Bxf6 7. f4 c5 8. c3 b6 9. Qe2 Bb7 10. Ngf3 Qc8 11. g4 Ba6 12. g5 Be7 13. Rg1 Bxd3 14. Qxd3 Qa6 15. Qxa6 Nxa6 16. Ne5 Rac8 17. Ke2 Nb8 18. Rg3 Nc6 19. Ndf3 Bd6 20. Rag1 Ne7 21. Rh3 Nf5 22. Rg4 b5 23. Nd7 Rfd8 24. Nfe5 Bxe5 25. Nxe5 b4 26. Kd3 bxc3 27. bxc3 Rc7 28. Rg2 Rdc8 29. Rb2 cxd4 30. cxd4 Rc3+ 31. Kd2 Nxd4 32. Rg3 Nf5 33. Rf3 g6 34. Nd3 d4 35. e4 Ne3 36. Ne5 Nc4+ 37. Ke2 Nxb2 0-1


[Site "https://www.chess.com"]

[Event "Titled Tuesday Blitz May 4 2021"]
[White "Unneland, Mathias"]
[Black "Colas, Joshua"]
[WhiteFideId "1525581"]
[BlackFideId "2044447"]
[WhiteElo "1975"]
[BlackElo "2347"]
[Result "0-1"]
[Round "01"]
[TimeControl "180+1"]
[Date "2021.05.04"]
[WhiteClock "0:00:16"]
[BlackClock "0:00:12"]

1. d4 d5 2. c4 c6 3. Nf3 Nf6 4. Nc3 g6 5. g3 Bg7 6. Bg2 O-O 7. O-O dxc4 8. a4 a5 9. b3 cxb3 10. Qxb3 Nd5 11. Bd2 Nb4 12. Rfd1 Be6 13. Qb2 Nd7 14. e4 Nb6 15. Bf4 Bc4 16. Qd2 Ba6 17. Bh6 Nc4 18. Qc1 e6 19. h4 b5 20. axb5 cxb5 21. Bxg7 Kxg7 22. d5 e5 23. h5 f6 24. h6+ Kg8 25. Bf1 Nd6 26. Qe3 Nc2 27. Qc1 Nxa1 28. Qxa1 b4 29. Na4 Bxf1 30. Kxf1 Nxe4 31. Re1 Qxd5 32. Nb6 Qb5+ 33. Kg2 Nc3 34. Nxa8 Rxa8 35. Qc1 Qc6 36. Qe3 g5 37. Kh2 Rd8 38. Nxg5 Nd5 39. Qd2 Qc3 40. Qe2 fxg5 41. Qg4 Qxe1 42. Qxg5+ Kf7 43. Qf5+ Nf6 44. g4 Rd2 45. Kg2 Qxf2+ 46. Qxf2 Rxf2+ 47. Kxf2 0-1


[Site "https://www.chess.com"]

[Event "Titled Tuesday Blitz May 4 2021"]
[White "Urazayev, Arystanbek"]
[Black "Dmitrenko, Viktor"]
[WhiteFideId "13709810"]
[BlackFideId "14110270"]
[WhiteElo "2321"]
[BlackElo "2338"]
[Result "1-0"]
[Round "01"]
[TimeControl "180+1"]
[Date "2021.05.04"]
[WhiteClock "0:01:27"]
[BlackClock "0:00:07"]

1. e4 c6 2. d4 d5 3. e5 Bf5 4. Nd2 e6 5. Nb3 c5 6. dxc5 Bxc5 7. Bb5+ Nc6 8. Bxc6+ bxc6 9. Nxc5 Qa5+ 10. c3 Qxc5 11. Ne2 Ne7 12. O-O O-O 13. Be3 Qb5 14. b4 Bd3 15. Nd4 Qc4 16. Re1 a5 17. Rc1 Bg6 18. a3 Nf5 19. Nxf5 Bxf5 20. Bc5 Rfb8 21. h3 h6 22. Bd6 Rb7 23. Qd4 Bd3 24. Qe3 Qe4 25. Qd2 Qc4 26. Re3 Bg6 27. Rg3 1-0


[Site "https://www.chess.com"]

[Event "Titled Tuesday Blitz May 4 2021"]
[White "Valdes Romero, Leonardo"]
[Black "Brahami, Lamine"]
[WhiteFideId "6500331"]
[BlackFideId "7905637"]
[WhiteElo "2497"]
[BlackElo "1909"]
[Result "0-1"]
[Round "01"]
[TimeControl "180+1"]
[Date "2021.05.04"]
[WhiteClock "0:01:15"]
[BlackClock "0:00:48"]

1. Nf3 Nf6 2. g3 g6 3. Bg2 Bg7 4. O-O O-O 5. d3 d5 6. Nbd2 Nc6 7. e4 e5 8. c3 h6 9. b4 a6 10. Qc2 Be6 11. Bb2 Qd7 12. Rfe1 Rfe8 13. a4 Bh3 14. b5 axb5 15. axb5 Rxa1 16. Bxa1 Nd8 17. c4 Bxg2 18. Kxg2 dxc4 19. Nxc4 Qxb5 20. Bxe5 Ne6 21. Rb1 Qa6 22. Qb2 Nc5 23. Bxf6 Bxf6 24. Qxf6 Qxf6 25. e5 Qd8 26. d4 Ne6 27. Rd1 Ng5 28. d5 Nxf3 29. Kxf3 b5 0-1


[Site "https://www.chess.com"]

[Event "Titled Tuesday Blitz May 4 2021"]
[White "ValeriyGrinev"]
[Black "Poghosyan, Suren"]
[BlackFideId "13303201"]
[WhiteElo "2632"]
[BlackElo "2314"]
[Result "1-0"]
[Round "01"]
[TimeControl "180+1"]
[Date "2021.05.04"]
[WhiteClock "0:01:51"]
[BlackClock "0:01:37"]

1. d4 Nf6 2. Bg5 e6 3. e4 h6 4. Bxf6 Qxf6 5. Nc3 Bb4 6. Nf3 d5 7. e5 Qe7 8. a3 Bxc3+ 9. bxc3 c5 10. Bd3 O-O 11. h4 f5 12. exf6 Rxf6 13. O-O Nc6 14. Re1 Qf7 15. Bb5 cxd4 16. Bxc6 bxc6 17. Ne5 Qc7 18. cxd4 c5 19. c3 Ba6 20. Qg4 Qd6 21. Qg3 Raf8 22. Ng4 Rf4 23. Nxh6+ Kh7 24. Ng4 Qe7 25. Ne5 Qf6 26. Nd7 Qh6 27. Nxf8+ Rxf8 28. dxc5 Rf4 29. h5 Rf5 30. Qg6+ Qxg6 31. hxg6+ Kxg6 32. Rxe6+ Rf6 33. Rxf6+ Kxf6 34. Re1 Bb7 35. Kh2 Bc6 36. Kg3 g5 37. f4 gxf4+ 38. Kxf4 1-0


[Site "https://www.chess.com"]

[Event "Titled Tuesday Blitz May 4 2021"]
[White "Van Foreest, Jorden"]
[Black "Najdin, Danil"]
[WhiteFideId "1039784"]
[BlackFideId "4172426"]
[WhiteElo "2622"]
[BlackElo "2193"]
[Result "1-0"]
[Round "01"]
[TimeControl "180+1"]
[Date "2021.05.04"]
[WhiteClock "0:00:48"]
[BlackClock "0:00:02"]

1. e4 e5 2. Nf3 Nc6 3. Bc4 Nf6 4. d4 exd4 5. Bg5 h6 6. Bh4 Be7 7. e5 Ne4 8. Bxe7 Qxe7 9. O-O O-O 10. Re1 Ng5 11. Nxd4 Nxd4 12. Qxd4 d6 13. Nc3 Be6 14. exd6 Qxd6 15. Qxd6 cxd6 16. Bb3 Bxb3 17. axb3 Rfe8 18. Rxe8+ Rxe8 19. h4 Ne4 20. Nd5 a6 21. Rd1 Kf8 22. Ne3 g6 23. f3 Nc5 24. Kf2 Ke7 25. Nd5+ Kd8 26. b4 Nd7 27. Nf4 Kc7 28. Nd5+ Kc6 29. Rd4 b5 30. c3 Re6 31. g4 Ne5 32. b3 Nd7 33. Nf4 Re8 34. Nd5 Re6 35. Ne3 Nb6 36. h5 gxh5 37. gxh5 Re5 38. Rh4 Nd5 39. Ng4 Re6 40. Rh1 Nf4 41. Ne3 Re5 42. Rh4 Nxh5 43. f4 Nxf4 44. Rxf4 Rh5 45. Rxf7 Rh1 46. Ra7 Rb1 47. Rxa6+ Kd7 48. Nd5 Rxb3 49. Ke3 Rb1 50. Ra7+ Kc6 51. Ne7+ Kb6 52. Nc8+ Kc6 53. Rh7 Re1+ 54. Kd3 Rd1+ 55. Kc2 Rh1 56. Ne7+ Kb6 57. Nf5 h5 58. Nxd6 h4 59. Rh5 Kc6 60. Nxb5 h3 61. Nd4+ Kd6 62. b5 Kc7 63. Rh6 Rh2+ 64. Kb3 Rh1 65. Kc4 h2 66. Kc5 1-0


[Site "https://www.chess.com"]

[Event "Titled Tuesday Blitz May 4 2021"]
[White "Van der Velden, Bram"]
[Black "Kazakouski, Valery"]
[WhiteFideId "1015753"]
[BlackFideId "13507443"]
[WhiteElo "2155"]
[BlackElo "2546"]
[Result "0-1"]
[Round "01"]
[TimeControl "180+1"]
[Date "2021.05.04"]
[WhiteClock "0:00:03"]
[BlackClock "0:00:04"]

1. d4 Nf6 2. c4 e6 3. Nc3 Bb4 4. Nf3 d5 5. Qa4+ Nc6 6. e3 O-O 7. Bd2 Re8 8. a3 Bd6 9. Qc2 a6 10. Bd3 dxc4 11. Bxc4 e5 12. Ng5 Rf8 13. d5 Ne7 14. O-O Ng6 15. Rad1 Bg4 16. f3 Bd7 17. Nge4 Bf5 18. Nxf6+ Qxf6 19. e4 Bd7 20. Be3 Qe7 21. b4 a5 22. bxa5 Rxa5 23. a4 Bc5 24. Qf2 Bxe3 25. Qxe3 Rfa8 26. Nb5 Bxb5 27. Bxb5 Qd6 28. Rc1 Ne7 29. Qc5 Rc8 30. Qxd6 cxd6 31. Rxc8+ Nxc8 32. Rc1 Nb6 33. Rc7 g6 34. Rxb7 Nxa4 35. Be8 Nc5 36. Rxf7 Ra8 37. Rf6 Rxe8 38. Rxd6 Kf7 39. Rc6 Nd7 40. Rc7 Ke7 41. Kf2 Rb8 42. Kg3 Rb6 43. Kg4 Rb8 44. Rc6 Rb2 45. g3 Kf7 46. Rc7 Ke7 47. Rc6 Rxh2 48. d6+ Ke6 49. Rc7 Rh5 50. Rc8 Nf6# 0-1


[Site "https://www.chess.com"]

[Event "Titled Tuesday Blitz May 4 2021"]
[White "Vargas, Gabriela"]
[Black "Voege, Tobias"]
[WhiteFideId "3700860"]
[BlackFideId "1270513"]
[WhiteElo "2116"]
[BlackElo "2283"]
[Result "1-0"]
[Round "01"]
[TimeControl "180+1"]
[Date "2021.05.04"]
[WhiteClock "0:00:35"]
[BlackClock "0:00:05"]

1. d4 Nf6 2. Nf3 g6 3. Bg5 Bg7 4. c3 O-O 5. Nbd2 d5 6. e3 Ne4 7. Bf4 Nxd2 8. Qxd2 b6 9. Bd3 Bb7 10. O-O c5 11. a4 Nc6 12. b4 Rc8 13. bxc5 bxc5 14. Rab1 Na5 15. Be5 c4 16. Bc2 Bc6 17. Bxg7 Kxg7 18. Ne5 Qc7 19. Nxc6 Qxc6 20. Rfe1 f5 21. f3 Rb8 22. e4 Rxb1 23. Bxb1 e6 24. exf5 exf5 25. Re7+ Rf7 26. Qe3 Qd6 27. Re6 Qc7 28. Re8 Nc6 29. Qe6 Qd7 30. Qxd7 Rxd7 31. Re6 Na5 32. Ra6 Nb3 33. Kf2 Kf7 34. Bc2 Ke7 35. g4 fxg4 36. fxg4 Rb7 37. h4 Nc1 38. Kf3 Na2 39. h5 gxh5 40. gxh5 Nxc3 41. Bxh7 Rc7 42. h6 Na2 43. Bf5 Kf8 44. h7 Kg7 45. Rg6+ Kxh7 46. Rc6+ Kg7 47. Rxc7+ Kf6 48. Kf4 a5 49. Rc6+ Ke7 50. Ke5 Nb4 51. Rc7+ Kd8 52. Rh7 c3 53. Kd6 Ke8 54. Ra7 c2 55. Bxc2 Nxc2 56. Rxa5 Nxd4 57. Rxd5 Nb3 58. Kc7 Ke7 59. a5 Ke6 60. Rd6+ Ke7 61. a6 Na5 62. Rd1 Nc4 63. a7 Ke6 64. a8=Q Ne5 65. Qd5+ Kf6 66. Rf1+ Kg6 67. Qxe5 Kh7 68. Qg3 Kh6 69. Rh1# 1-0


[Site "https://www.chess.com"]

[Event "Titled Tuesday Blitz May 4 2021"]
[White "Vega Gutierrez, Sabrina"]
[Black "Visakh N R"]
[WhiteFideId "2219026"]
[BlackFideId "25012223"]
[WhiteElo "2281"]
[BlackElo "2428"]
[Result "0-1"]
[Round "01"]
[TimeControl "180+1"]
[Date "2021.05.04"]
[WhiteClock "0:00:01"]
[BlackClock "0:00:05"]

1. e4 c5 2. Nf3 Nc6 3. d4 cxd4 4. Nxd4 g6 5. c4 Bg7 6. Be3 Nf6 7. Nc3 O-O 8. Be2 d6 9. O-O Nxd4 10. Bxd4 Be6 11. Qd2 Bd7 12. h3 Bc6 13. Qc2 Nd7 14. Bxg7 Kxg7 15. b4 Nf6 16. Rad1 Qb6 17. Qb2 Kg8 18. Rfe1 a5 19. b5 Bd7 20. Na4 Qc7 21. Qd4 Be6 22. c5 dxc5 23. Qxc5 Qxc5 24. Nxc5 Bxa2 25. e5 Nd5 26. Bf3 e6 27. Nxb7 a4 28. Rd2 Bc4 29. Nd6 Bb3 30. b6 a3 31. b7 Ra7 32. Ra1 Rb8 33. Rd3 Raxb7 34. Nxb7 Rxb7 35. Rxa3 Bc4 36. Rd1 Rb4 37. Ra7 Kg7 38. g3 Rb3 39. Kg2 Rb2 40. Re1 Nb4 41. Re4 Nd3 42. Rxc4 Ne1+ 43. Kf1 Nxf3 44. Rc5 Nd2+ 45. Kg2 Ne4 46. Rcc7 Rxf2+ 47. Kg1 Rf3 48. g4 Ng5 49. Rc4 Rxh3 50. Kg2 Rf3 51. Rcc7 Rf4 52. Rc5 Rxg4+ 53. Kf2 Rf4+ 54. Kg3 Rf5 55. Kg4 Ne4 56. Rb5 h5+ 0-1


[Site "https://www.chess.com"]

[Event "Titled Tuesday Blitz May 4 2021"]
[White "Velickovic, Zoran"]
[Black "Real De Azua, Ernesto"]
[WhiteFideId "14601184"]
[BlackFideId "108154"]
[WhiteElo "2321"]
[BlackElo "2476"]
[Result "0-1"]
[Round "01"]
[TimeControl "180+1"]
[Date "2021.05.04"]
[WhiteClock "0:00:01"]
[BlackClock "0:00:15"]

1. Nf3 c5 2. g3 b6 3. Bg2 Bb7 4. O-O Nf6 5. c4 g6 6. Nc3 Bg7 7. d4 cxd4 8. Qxd4 d6 9. Rd1 Nbd7 10. Be3 Rc8 11. b3 O-O 12. Qd2 Ne4 13. Nxe4 Bxe4 14. Bd4 Bxd4 15. Qxd4 Nf6 16. a4 Qc7 17. a5 bxa5 18. Ra3 Bxf3 19. Bxf3 Qc5 20. Qa1 Qb6 21. Rb1 Rc5 22. h4 Rb8 23. Rd1 h5 24. Rd3 Qc7 25. Qd1 Rb4 26. Qd2 Kg7 27. e3 Qb6 28. Kg2 a4 29. Rxa4 Rxa4 30. bxa4 Rxc4 31. a5 Qc5 32. Qb2 Rc2 33. Qb7 Qc4 34. Rd1 Qa2 35. Rf1 Qxa5 36. Qxe7 Qc5 37. Bd1 Rd2 38. Bb3 Nd5 39. Bxd5 Qxd5+ 40. Kg1 a5 41. Qa7 Rd1 42. Rxd1 Qxd1+ 43. Kg2 Qd5+ 44. Kg1 Qc5 45. Qa6 Qb4 46. Kg2 a4 47. Qd3 a3 48. Qd5 Qb2 49. Qxd6 a2 0-1


[Site "https://www.chess.com"]

[Event "Titled Tuesday Blitz May 4 2021"]
[White "Vivas Zamora, Fabian Ernesto"]
[Black "Mezentsev, Ivan"]
[WhiteFideId "3902480"]
[BlackFideId "13706195"]
[WhiteElo "1966"]
[BlackElo "2295"]
[Result "0-1"]
[Round "01"]
[TimeControl "180+1"]
[Date "2021.05.04"]
[WhiteClock "0:00:01"]
[BlackClock "0:00:25"]

1. c4 Nf6 2. Nc3 g6 3. g3 Bg7 4. Bg2 O-O 5. d4 d6 6. e4 e5 7. Nf3 Bg4 8. d5 Na6 9. h3 Bd7 10. O-O Nc5 11. Ne1 a5 12. b3 Ne8 13. a3 a4 14. b4 Nb3 15. Rb1 f5 16. Nd3 f4 17. g4 Qh4 18. f3 h5 19. Qe1 Bf6 20. Qxh4 Bxh4 21. Rd1 hxg4 22. hxg4 Kg7 23. Bd2 Nf6 24. Be1 Rh8 25. Bxh4 Rxh4 26. Kf2 Nh7 27. c5 Ng5 28. Rh1 Rxh1 29. Rxh1 Nd4 30. Nb2 Nc2 31. Nc4 Nf7 32. Rc1 Nd4 33. Rh1 Rb8 34. Bf1 b5 35. cxb6 cxb6 36. Bd3 Rc8 37. Rc1 b5 38. Nb6 Rc7 39. Nxd7 Rxd7 40. Nxb5 Nb3 41. Rc6 Kf6 42. Nc3 Nd4 43. Ra6 Rc7 44. Ne2 Rc3 45. Nxd4 exd4 46. Ke2 Rxa3 47. b5 Ra2+ 48. Kd1 Ne5 49. Bc2 d3 50. Bxa4 Nxf3 0-1


[Site "https://www.chess.com"]

[Event "Titled Tuesday Blitz May 4 2021"]
[White "Volkov, Maksim"]
[Black "Samarth, J Rao"]
[WhiteFideId "54123070"]
[BlackFideId "46652370"]
[WhiteElo "2113"]
[BlackElo "1514"]
[Result "0-1"]
[Round "01"]
[TimeControl "180+1"]
[Date "2021.05.04"]
[WhiteClock "0:00:25"]
[BlackClock "0:00:11"]

1. d4 d5 2. c4 e6 3. g3 Nf6 4. Nf3 Be7 5. Bg2 O-O 6. O-O dxc4 7. Na3 Bxa3 8. bxa3 Nbd7 9. Rb1 Nb6 10. Qc2 Bd7 11. Ne5 Ba4 12. Qb2 c6 13. e3 Bb5 14. Rd1 Nfd5 15. Bxd5 exd5 16. Bd2 f6 17. Nf3 Na4 18. Qc2 c3 19. Be1 Nb2 20. Rdc1 Bd3 21. Qxc3 Bxb1 22. Rxb1 Na4 23. Qc2 Nb6 24. a4 Qd7 25. a5 Nc4 26. Bb4 Rfe8 27. Nd2 Nxd2 28. Qxd2 Qf5 29. Rb2 b5 30. Rc2 Qe6 31. Qc1 Rac8 32. h4 f5 33. Bc5 a6 34. Bb4 h6 35. Kh2 Kf7 36. a3 Rh8 37. Qf1 g5 38. h5 Qe4 39. Qe2 f4 40. Bd6 f3 41. Qd1 Qg4 42. Kg1 Qxh5 43. Be5 Rhf8 44. Rc3 Ke6 45. Qf1 Qg4 46. Kh2 h5 47. Qh3 Qxh3+ 48. Kxh3 Kf5 49. Rc5 Ke4 50. Rc3 c5 51. dxc5 Kxe5 52. g4 hxg4+ 53. Kxg4 d4 54. exd4+ Kxd4 55. Rc1 Rxc5 56. Rd1+ Kc3 57. Rc1+ Kd4 58. Rd1+ Kc4 59. Rc1+ Kd5 60. Rd1+ Kc6 61. Re1 Rf4+ 62. Kg3 Rc3 63. Re6+ Kc5 64. Re5+ Kd4 65. Rxg5 Re4 66. Rg8 Rxa3 67. Rd8+ Kc3 68. Rc8+ Rc4 69. Ra8 Rxa5 70. Kxf3 b4 71. Ke3 b3 72. Rd8 b2 73. Rd3+ Kc2 74. Rd1 0-1


[Site "https://www.chess.com"]

[Event "Titled Tuesday Blitz May 4 2021"]
[White "Vypkhaniuk, Ihor"]
[Black "Rakshitta, Ravi"]
[WhiteFideId "14112256"]
[BlackFideId "25073230"]
[WhiteElo "2368"]
[BlackElo "1873"]
[Result "1-0"]
[Round "01"]
[TimeControl "180+1"]
[Date "2021.05.04"]
[WhiteClock "0:00:23"]
[BlackClock "0:00:12"]

1. d4 Nf6 2. c4 Nc6 3. Nf3 e6 4. a3 g6 5. Nc3 Bg7 6. e4 d6 7. d5 Ne7 8. dxe6 fxe6 9. e5 Ng4 10. exd6 cxd6 11. c5 d5 12. Qa4+ Nc6 13. Qxg4 O-O 14. Be2 e5 15. Qh4 Qa5 16. b4 Qc7 17. Nxd5 Qd7 18. Bc4 Kh8 19. Ng5 h6 20. Ne4 Kh7 21. Bxh6 Bxh6 22. Nef6+ Kg7 23. Nxd7 Bxd7 24. O-O Nd4 25. Qe7+ Kg8 26. Nf6+ Kh8 27. Qh7# 1-0


[Site "https://www.chess.com"]

[Event "Titled Tuesday Blitz May 4 2021"]
[White "Wagh Suyog"]
[Black "Prydun, Andriy"]
[WhiteFideId "25071688"]
[BlackFideId "14145898"]
[WhiteElo "2219"]
[BlackElo "2033"]
[Result "1-0"]
[Round "01"]
[TimeControl "180+1"]
[Date "2021.05.04"]
[WhiteClock "0:01:48"]
[BlackClock "0:01:08"]

1. e4 d5 2. exd5 Qxd5 3. Nc3 Qd6 4. Nf3 Nf6 5. h3 c6 6. d4 Bf5 7. g3 Nbd7 8. Bg2 e6 9. O-O Nd5 10. Nxd5 cxd5 11. c3 Be7 12. Re1 O-O 13. Bf4 Qb6 14. Qd2 Be4 15. Ne5 Nxe5 16. Bxe5 Bxg2 17. Kxg2 Bd6 18. h4 Bxe5 19. Rxe5 Rae8 20. Rae1 Re7 21. h5 h6 22. R5e2 Qc6 23. Qf4 b5 24. g4 f6 25. Kg1 Rfe8 26. Qg3 a5 27. f4 Kf7 28. g5 a4 29. gxf6 gxf6 30. Qg6+ Kf8 31. Qxf6+ Rf7 32. Qh8+ Ke7 33. Rxe6+ 1-0


[Site "https://www.chess.com"]

[Event "Titled Tuesday Blitz May 4 2021"]
[White "Wagner, Dennis"]
[Black "Torkkola, Henri"]
[WhiteFideId "24650684"]
[BlackFideId "507660"]
[WhiteElo "2355"]
[BlackElo "2137"]
[Result "1-0"]
[Round "01"]
[TimeControl "180+1"]
[Date "2021.05.04"]
[WhiteClock "0:01:38"]
[BlackClock "0:01:03"]

1. e4 g6 2. d4 Bg7 3. Nc3 d6 4. Be3 a6 5. Qd2 b5 6. O-O-O Bb7 7. f3 Nd7 8. h4 h6 9. Kb1 Nb6 10. Bd3 Nf6 11. g4 Nfd7 12. Nh3 Rc8 13. h5 g5 14. f4 gxf4 15. Nxf4 c5 16. dxc5 Nxc5 17. Ncd5 Bxd5 18. Nxd5 Nxd5 19. exd5 Na4 20. c3 b4 21. cxb4 Bxb2 22. Bc2 Bc3 23. Bxa4+ Kf8 24. Bxh6+ Rxh6 25. Qxh6+ Kg8 26. Bc2 Bg7 27. Qh7+ Kf8 28. h6 Bc3 29. Rhf1 f6 30. Qh8+ Kf7 31. Bg6+ Kxg6 32. Qg7# 1-0


[Site "https://www.chess.com"]

[Event "Titled Tuesday Blitz May 4 2021"]
[White "Weetik, Vjacheslav"]
[Black "freshfoodcompany"]
[WhiteFideId "4153472"]
[WhiteElo "2469"]
[BlackElo "2378"]
[Result "1-0"]
[Round "01"]
[TimeControl "180+1"]
[Date "2021.05.04"]
[WhiteClock "0:00:10"]
[BlackClock "0:00:49"]

1. d4 d5 2. Bf4 c5 3. e3 Nc6 4. c3 Nf6 5. Nd2 Bf5 6. Ngf3 e6 7. Nh4 Bg4 8. Qb3 Qb6 9. h3 Bh5 10. g4 Bg6 11. Nxg6 hxg6 12. Be2 c4 13. Qc2 Qd8 14. b3 b5 15. Kf1 Bd6 16. Bxd6 Qxd6 17. a4 cxb3 18. Qxb3 bxa4 19. Qxa4 O-O 20. Kg2 e5 21. Rab1 Rab8 22. Rb5 exd4 23. cxd4 Rxb5 24. Bxb5 Qb4 25. Qxb4 Nxb4 26. Ra1 Rb8 27. Be2 Rc8 28. Bd1 Rc7 29. Ra4 Nd3 30. Be2 Nb2 31. Rb4 Rc2 32. Nf3 Rxe2 33. Rb8+ Kh7 34. Ng5+ Kh6 35. Nxf7+ 1-0


[Site "https://www.chess.com"]

[Event "Titled Tuesday Blitz May 4 2021"]
[White "WelshTiger"]
[Black "Foerster-Yialamas, Lucas"]
[BlackFideId "30901774"]
[WhiteElo "2490"]
[BlackElo "1744"]
[Result "0-1"]
[Round "01"]
[TimeControl "180+1"]
[Date "2021.05.04"]
[WhiteClock "0:00:06"]
[BlackClock "0:00:47"]

1. e4 c5 2. Nf3 d6 3. d4 cxd4 4. Nxd4 Nf6 5. Nc3 a6 6. h4 e5 7. Nb3 Be7 8. Bg5 Be6 9. Bxf6 Bxf6 10. g3 b5 11. a4 b4 12. Nd5 Bxd5 13. Qxd5 Ra7 14. O-O-O O-O 15. Qxd6 Rd7 16. Qxd7 Nxd7 17. Bxa6 Qc7 18. Bb5 Nc5 19. Nxc5 Qxc5 20. Rd2 g5 21. Kb1 gxh4 22. gxh4 h5 23. b3 Kh7 24. Rd5 Qxf2 25. Rf1 Qxh4 26. Rd7 Bg5 27. Bc4 Kg6 28. a5 f6 29. Be6 Qxe4 30. a6 h4 31. a7 Ra8 32. Bf7+ Kh6 33. Bd5 Qe2 34. Rf3 Qe1+ 35. Ka2 Qd2 36. Be4 Qxd7 37. Rd3 Qxa7+ 38. Kb2 Qa1# 0-1


[Site "https://www.chess.com"]